 Dungeon Crawl Stone Soup version 0.28-a0-32-g8dfe7f97f6 (webtiles) character file.

Game seed: 2085374852790260549

6643 Spaninq the Cleaver (level 11, -15/89 HPs)
             Began as a Formicid Abyssal Knight on July 27, 2021.
             Was an Elder of Lugonu.
             Shot with an arrow by a centaur warrior (30 damage)
             ... on level 8 of the Dungeon.
             The game lasted 00:23:29 (9354 turns).

Spaninq the Cleaver (Formicid Abyssal Knight)       Turns: 9354, Time: 00:23:31

Health: -15/89     AC: 16    Str: 26    XL:     11   Next: 22%
Magic:  13/17      EV: 10    Int: 13    God:    Lugonu [****..]
Gold:   403        SH:  0    Dex: 10    Spells: 10/10 levels left

rFire   . . .      SeeInvis +   a - +2 hand axe (flame)
rCold   . . .      Faith    .   (no shield)
rNeg    . . .      Spirit   .   o - +6 scale mail of Negation {Drain Regen+ rCorr Str+7}
rPois   .          Reflect  .   (helmet unavailable)
rElec   .          Harm     .   (no cloak)
rCorr   +          Rampage  .   c - +1 pair of gloves
Will    +....                   (no boots)
Stlth   ..........              (no amulet)
HPRegen 1.24/turn               (no ring)
MPRegen 0.15/turn               (no ring)

@: no status effects
A: permanent stasis, dig shafts and tunnels, antennae 3, four strong arms
a: Dig, Shaft Self, Renounce Religion, Depart the Abyss, Bend Space, Banish,
Corrupt


You were on level 8 of the Dungeon.
You worshipped Lugonu.
Lugonu was greatly pleased with you.
You visited 2 branches of the dungeon, and saw 13 of its levels.
You visited the Abyss 1 time.
You also visited: Ossuary.

You collected 403 gold pieces.

Inventory:

Hand Weapons
 a - a +2 hand axe of flaming (weapon)
Missiles
 r - a curare-tipped dart
Armour
 c - a +1 pair of gloves (worn)
 o - the +6 scale mail of Negation (worn) {Drain Regen+ rCorr Str+7}
   (You found it on level 5 of the Dungeon)

   Str:       It affects your strength (+7).
   Regen:     It increases your rate of health regeneration.
   rCorr:     It protects you from acid and corrosion.
   Drain:     It drains your maximum health when unequipped.
Wands
 j - a wand of charming (13)
Scrolls
 b - 3 scrolls of enchant weapon
 g - 3 scrolls of magic mapping
 i - 2 scrolls of enchant armour
 n - a scroll of fog
 q - 7 scrolls of identify
Potions
 e - 4 potions of mutation
 f - 5 potions of curing {unknown}
 h - a potion of magic
 k - 3 potions of brilliance {unknown}
 l - a potion of flight {unknown}
 m - 3 potions of lignification {unknown}
 p - a potion of haste {unknown}
 s - a potion of ambrosia {unknown}
 t - a potion of berserk rage {unknown}


   Skills:
 + Level 9.0 Fighting
 * Level 11.0 Axes
 + Level 7.3 Armour
 - Level 0.8 Dodging
 - Level 9.0 Invocations


You had 10 spell levels left.
You didn't know any spells.
Your spell library contained the following spells:

 Spells                   Type           Power      Damage    Failure   Level
 Animate Skeleton         Necr           0%         N/A       54%         1
 Apportation              Tloc           0%         N/A       54%         1
 Corona                   Hex            0%         N/A       54%         1
 Summon Small Mammal      Summ           0%         N/A       54%         1
 Call Canine Familiar     Summ           0%         N/A       88%         3
 Ignite Poison            Fire/Tmut/Pois 0%         N/A       88%         3
 Mephitic Cloud           Conj/Pois/Air  0%         N/A       88%         3
 Portal Projectile        Hex/Tloc       0%         N/A       88%         3
 Stone Arrow              Conj/Erth      0%         3d7       88%         3
 Tukima's Dance           Hex            0%         N/A       88%         3
 Leda's Liquefaction      Hex/Erth       0%         N/A       99%         4
 Passage of Golubria      Tloc           N/A        N/A       99%         4
 Bolt of Magma            Conj/Fire/Erth 0%         4d4       100%        5
 Yara's Violent Unravell  Hex/Tmut       0%         3d3       100%        5
 Shatter                  Erth           0%         3d5*      100%        9


Dungeon Overview and Level Annotations

Branches:
Dungeon (12/15)            Temple (1/1) D:7         Ossuary (visited)
   Lair: D:8-11         Orc: D:9-12

Altars:
Ashenzari
Cheibriados
Dithmenos
Elyvilon
Gozag
Kikubaaqudgha
Makhleb
Nemelex Xobeh
Okawaru
Qazlal
Ru
Sif Muna
Trog
Uskayaw
Vehumet
Wu Jian
Xom
Yredelemnul
Zin
Lugonu

Shops:
D:4 *


Innate Abilities, Weirdness & Mutations

You cannot be hasted, slowed, berserked, paralysed or teleported.
You can dig through walls and to a lower floor.
You have a pair of large antennae on your head. (SInv)
Your four strong arms can wield two-handed weapons with a shield.


Message History

The centaur warrior kicks you but does no damage.
The centaur warrior hits you.
The centaur warrior kicks you but does no damage.
You hit the centaur warrior. You burn the centaur warrior.
The centaur warrior is lightly wounded.
You hit the orc warrior. You burn the orc warrior.
The centaur warrior hits you.
The centaur warrior kicks you but does no damage.
You hit the centaur warrior. You burn the centaur warrior.
The centaur warrior is lightly wounded.
You closely miss the orc warrior.
The orc warrior hits you but does no damage.
The centaur warrior hits you.
The centaur warrior kicks you but does no damage.
The centaur warrior hits you but does no damage.
The centaur warrior kicks you but does no damage.
The centaur warrior completely misses you.
The centaur warrior kicks you but does no damage.
The centaur warrior shoots an arrow.
The arrow hits you! The centaur warrior hits you!
The centaur warrior kicks you but does no damage.
The centaur warrior wields a +0 longbow.
The centaur warrior shoots an arrow.
The arrow hits you!!
The centaur warrior shoots an arrow.
The arrow hits you!!
* * * LOW HITPOINT WARNING * * *
You feel much better.
The centaur warrior shoots an arrow.
The arrow hits you but does no damage.
You barely miss the centaur warrior.
The centaur warrior is lightly wounded.
The centaur warrior shoots an arrow.
The arrow hits you.
The centaur warrior shoots an arrow.
The arrow closely misses you.
The centaur warrior shoots an arrow.
The arrow closely misses you.
The centaur warrior shoots an arrow.
The arrow hits you!
Press: ? - help, Shift-Dir - straight line, f - centaur warrior
Aim: a centaur warrior, wielding a +0 longbow and quivering arrows (chance to affect: 73%)
The centaur warrior struggles to resist.
The centaur warrior shoots an arrow.
The arrow hits you!
* * * LOW HITPOINT WARNING * * *
The centaur warrior shoots an arrow.
The arrow hits you!!
You die...

#..##.#.#.#..#.##...# #...####..
#..##.#...#..#.##...# #...#.....
#..##.#####.)..###### #...#.##.#
#..##....>#..###########.....##.#
....'.....#..#...).....###...##.#
.####.....#.#..###'###..##...##..
..............##.....# ###.....
.............##..###..# #.....
...###'###..##..@..#...# #.....
..##.....##.#c.##.......# ##.####
.##.......###c##........# #..#...
#####......#.oD.........+ #.##.#.
# ####...)..####..###.# #....#. #
.####...........# ######. +
#......#.{..##... #. #
..###...##D..##..# ######' #
#....####.....# #......


You could see a four-headed hydra, 2 centaur warriors and an orc warrior.

Vanquished Creatures
  2 two-headed ogres (D:9)
  A manticore (D:8)
  Prince Ribbit (D:7)
  5 yaks (D:6)
  A steam dragon (D:8)
  An acid dragon (D:9)
  4 orc warriors
  A black bear (D:6)
  A sky beast (D:6)
  2 centaurs (D:9)
  3 ogres
  5 necrophages (D:7)
  3 kobold brigands
  A bullfrog (D:8)
  A water moccasin zombie (D:7)
  6 killer bees
  A wight (D:7)
  3 orc priests (D:3)
  5 centaur zombies
  5 hounds
  A jelly (D:5)
  A bullfrog skeleton (D:5)
  4 human zombies
  6 orc wizards
  3 iguanas
  2 killer bee zombies (D:7)
  A hound skeleton (D:4)
  3 mummies
  A howler monkey zombie (D:8)
  4 gnolls
  A howler monkey skeleton (D:4)
  4 adders
  2 white imps
  An ufetubus (D:7)
  A dart slug (D:2)
  20 orcs
  4 ball pythons
  10 endoplasms
  4 giant cockroaches
  8 goblins
  4 hobgoblins
  7 jackals
  4 quokkas
  4 bats
  3 frilled lizards
  2 goblin zombies
  3 hobgoblin zombies (Ossuary)
  21 kobolds
  6 rats
  A rat zombie (D:7)
  A butterfly (D:7)
189 creatures vanquished.

Notes
Turn   | Place    | Note
-------+----------+-------------------------------------------
     0 | Abyss:1  | Spaninq the Formicid Abyssal Knight began the quest for the
                  | Orb.
     0 | Abyss:1  | Reached XP level 1. HP: 18/18 MP: 2/2
    29 | D:1      | Escaped the Abyss
   305 | D:1      | Reached XP level 2. HP: 10/24 MP: 3/3
   985 | D:1      | Reached XP level 3. HP: 24/29 MP: 3/5
  1290 | D:1      | Reached ** piety under Lugonu
  1416 | D:2      | Reached skill level 3 in Axes
  1599 | D:2      | Reached XP level 4. HP: 12/37 MP: 6/6
  2593 | D:3      | Reached XP level 5. HP: 39/42 MP: 7/7
  2606 | D:3      | Reached skill level 4 in Axes
  3048 | D:2      | Reached XP level 6. HP: 37/49 MP: 8/8
  3284 | D:3      | Found a burning altar of Makhleb.
  3295 | D:3      | Found a broken altar of Ashenzari.
  3462 | D:2      | Reached *** piety under Lugonu
  3660 | D:3      | Found a sparkling altar of Nemelex Xobeh.
  4199 | D:4      | Reached skill level 5 in Axes
  4268 | D:4      | Reached XP level 7. HP: 50/55 MP: 10/10
  4340 | D:4      | Found a sacrificial altar of Ru.
  4422 | D:4      | Found an iron altar of Okawaru.
  4440 | D:4      | Reached skill level 5 in Fighting
  4503 | D:4      | Found Pude's General Store.
  4913 | D:4      | Reached skill level 5 in Invocations
  5117 | D:5      | Entered Level 5 of the Dungeon
  5125 | D:5      | Identified the +6 scale mail of Negation {Drain Regen+
                  | rCorr Str+7}
  5343 | D:5      | Reached skill level 6 in Axes
  5560 | D:6      | Reached XP level 8. HP: 54/63 MP: 10/12
  5998 | D:6      | Found a shadowy altar of Dithmenos.
  5999 | D:6      | Found a glowing silver altar of Zin.
  6232 | D:6      | Noticed a yak
  6232 | D:6      | Noticed a yak
  6233 | D:6      | Noticed a yak
  6234 | D:6      | Noticed a yak
  6240 | D:6      | Noticed a yak
  6250 | D:6      | Killed a yak
  6251 | D:6      | Reached skill level 7 in Axes
  6264 | D:6      | Killed a yak
  6275 | D:6      | Killed a yak
  6276 | D:6      | Reached XP level 9. HP: 37/71 MP: 13/13
  6388 | D:7      | Found a staircase to the Ecumenical Temple.
  6390 | D:7      | Found a bloodstained altar of Trog.
  6395 | D:7      | Reached skill level 8 in Axes
  6439 | D:7      | Found a sand-covered staircase.
  6469 | Ossuary  | Entered an ossuary
  6615 | Ossuary  | Reached **** piety under Lugonu
  6981 | D:7      | Found a radiant altar of Vehumet.
  6981 | D:7      | Found an ancient bone altar of Kikubaaqudgha.
  6983 | D:7      | Found a shimmering blue altar of Sif Muna.
  7300 | D:7      | Noticed Prince Ribbit
  7313 | D:7      | Killed Prince Ribbit
  7393 | D:7      | Found a basalt altar of Yredelemnul.
  7461 | D:7      | Reached skill level 5 in Armour
  7485 | D:7      | Reached XP level 10. HP: 79/79 MP: 15/15
  7493 | D:7      | Reached skill level 9 in Axes
  7726 | Temple   | Entered the Ecumenical Temple
  7846 | D:8      | You fall into a shaft and drop 2 floors!
  7846 | D:10     | Entered Level 10 of the Dungeon
  7907 | D:9      | You fall into a shaft and drop 3 floors!
  8114 | D:8      | Noticed a two-headed ogre
  8143 | D:8      | Banished a two-headed ogre
  8500 | D:9      | Noticed a two-headed ogre
  8541 | D:9      | Killed a two-headed ogre
  8542 | D:9      | Reached skill level 10 in Axes
  8723 | D:9      | Noticed a two-headed ogre
  8755 | D:9      | Killed a two-headed ogre
  8756 | D:9      | Reached XP level 11. HP: 57/87 MP: 17/17
  9021 | D:8      | Noticed a manticore
  9047 | D:8      | Killed a manticore
  9262 | D:8      | Reached skill level 11 in Axes
  9336 | D:8      | Noticed a centaur warrior
  9336 | D:8      | Noticed a four-headed hydra
  9336 | D:8      | Noticed a centaur warrior
  9354 | D:8      | Shot with an arrow by a centaur warrior

Illustrated notes

Levels and vault maps discovered:
D:1:      minmay_arrival_nine_rooms, layout_basic
D:2:      layout_loops_ring
D:3:      layout_loops_corners, mainiacjoe_overflow_small_starburst,
          mainiacjoe_overflow_concentric_impassable,
          nemelex_xobeh_ov_fountains_minmay, hangedman_decor_diamond_cutter
D:4:      layout_loops_ring, okawaru_gym_becter,
          nicolae_ru_the_path_less_chosen, serial_shops, kennysheep_mini
D:5:      layout_rooms
D:6:      layout_basic, gammafunk_temple_overflow_statue
D:7:      layout_basic, grunt_temple_overflow_magic_moments,
          lemuel_mausoleum_altar_yredelemnul, mainiacjoe_overflow_paths,
          minmay_temple_entry_butterflies, enter_ossuary_4, serial_rivers,
          chequers_serial_rivers_large_a, chequers_serial_rivers_micro_c,
          chequers_serial_rivers_large_b, chequers_serial_rivers_micro_c,
          chequers_serial_rivers_micro_e, hex_intersection, uniq_prince_ribbit1
D:8:      minmay_the_grid_octo_triangle [minmay_the_grid_octo_tetromino_candy,
          minmay_the_grid_octo_prize_star,
          minmay_the_grid_octo_vomiting_pacman], layout_basic
D:9:      layout_loops_ring, mainiacjoe_overflow_alcove_4, david_orc_1_choice
D:10:     layout_irregular_city, nzn_hepliaklqana_mist_gate,
          nicolae_tso_swordbearing_angel, uniq_snorg
D:11:     layout_basic, erik_lair_island
D:12:     layout_loops_ring, kennysheep_treasure_room
Temple:   corrupted_temple

Skill      XL: |  1  2  3  4  5  6  7  8  9 10 11 |
---------------+----------------------------------+-----
Axes           | 3 4 5 6 7 8 10 11 | 11.0
Invocations    | 3 4 5 6 7 9 |  9.0
Fighting       | 4 5 6 7 8 9 |  9.0
Armour         | 3 5 6 7 |  7.3
Dodging        | |  0.8

Action                   |  1- 3 |  4- 6 |  7- 9 | 10-12 || total
-------------------------+-------+-------+-------+-------++-------
Melee: Hand axe          |   153 |   147 |   299 |   273 ||   872
Invok: Banish            |       |       |       |     3 ||     3
       Bend Space        |       |       |       |     2 ||     2
  Use: Scroll            |       |     6 |    10 |       ||    16
       Potion            |       |       |       |     1 ||     1
Armor: Leather armour    |    29 |       |       |       ||    29
       Chain mail        |    38 |    76 |     9 |       ||   123
       Scale mail        |       |       |   106 |   140 ||   246
Dodge: Dodged            |    78 |    51 |    99 |   148 ||   376

Table legend: (Time is in decaauts)
 A = Elapsed time spent in this place.
 B = Non-inter-level travel time spent in this place.
 C = Inter-level travel time spent in this place.
 D = Time resting spent in this place.
 E = Time spent auto-exploring this place.
 F = Levels seen in this place.
 G = Mean time per level.
                   A        B        C        D        E       F      G
               +--------+--------+--------+--------+--------+-----+--------+
         Total |   9354 |   9114 |    240 |   1349 |   5514 |  15 |  623.6 |
       Dungeon |   9031 |   8802 |    229 |   1325 |   5452 |  12 |  752.6 |
        Temple |     47 |     36 |     11 |      0 |      7 |   1 |   47.0 |
         Abyss |     29 |     29 |      0 |      0 |     20 |   1 |   29.0 |
       Ossuary |    246 |    246 |      0 |     24 |     35 |   1 |  246.0 |
               +--------+--------+--------+--------+--------+-----+--------+

Top non-repeatable levels by time:
     D:2: 1509 daAuts
     D:1: 1392 daAuts
     D:3: 1218 daAuts
     D:7: 1129 daAuts
     D:4: 1014 daAuts
     D:6: 877 daAuts
     D:8: 694 daAuts
     D:9: 693 daAuts
     D:5: 390 daAuts
 Ossuary: 246 daAuts
    D:10: 64 daAuts
  Temple: 47 daAuts
    D:12: 32 daAuts
 Abyss:1: 29 daAuts
    D:11: 13 daAuts
